 Dungeon Crawl Stone Soup version 0.31-a0-705-ga145531891 (webtiles) character file.

Game seed: 14853396022332224499

81 Xavori the Cutter (level 4, 0/32 HPs)
             Began as an Octopode Chaos Knight on Sept 10, 2023.
             Was a Plaything of Xom.
             Slain by Pargi (6 damage)
             ... in a sewer.
             The game lasted 00:01:58 (9785 turns).

Xavori the Cutter (Octopode Chaos Knight)           Turns: 9785, Time: 00:01:59

Health: 0/32       AC:  1    Str: 14    XL:     4   Next: 42%
Magic:  4/4        EV: 14    Int: 12    God:    Xom [...*..]
Gold:   123        SH:  4    Dex: 16    Spells: 3/3 levels left

rFire   + + .        a - +0 short sword (chaos)
rCold   . . .        (no shield)
rNeg    . . .        (helmet restricted)
rPois   +            e - amulet of regeneration
rElec   +            (no ring)
rCorr   +            (no ring)
SInv    .            (no ring)
Will    ++...        (no ring)
Stlth   ++++         (no ring)
HPRegen 1.05/turn    (no ring)
MPRegen 0.09/turn    (no ring)
                     (no ring)

%: random rage (3%)
@: resistant, on berserk cooldown, enlightened, flying
A: almost no armour, amphibious, 8 rings, camouflage 1, gelatinous body 1,
nimble swimmer 1, tentacles, antennae 1, large bone plates 1, agile 1, berserk
1, fire resistance 1, strong-willed 1, sense surroundings 1, strong 1, cold
vulnerability 1
a: Renounce Religion


You were in a sewer.
You worshipped Xom.
You were a favourite toy of Xom.
You visited 1 branch of the dungeon, and saw 3 of its levels.
You also visited: Sewer.

You collected 123 gold pieces.

Inventory:

Hand Weapons
 a - a +0 short sword of chaos (weapon)
Jewellery
 e - an amulet of regeneration (around mantle)
 q - a ring of fire
Talismans
 p - a maw talisman
Wands
 r - a wand of light (5)
Scrolls
 b - a scroll of butterflies
 c - a scroll of immolation {unknown}
 d - 2 scrolls of teleportation {unknown}
 f - 2 scrolls of noise {unknown}
 o - a scroll of amnesia {unknown}
 s - a scroll of enchant armour {unknown}
 t - a scroll of poison {unknown}
Potions
 g - a potion of lignification {unknown}
 h - a potion of berserk rage {unknown}
 i - a potion of degeneration {unknown}
 j - a potion of mutation {unknown}
 k - a potion of brilliance {unknown}
 l - 2 potions of ambrosia {unknown}
 n - 2 potions of enlightenment


   Skills:
 + Level 3.6 Fighting
 + Level 3.7 Short Blades
 + Level 2.9 Dodging
 + Level 1.7 Stealth
 * Level 0.8 Shapeshifting


You had 3 spell levels left.
You didn't know any spells.
Your spell library contained the following spells:

 Spells                   Type           Power      Damage    Failure   Level
 Blink                    Tloc           0%         N/A       45%         2
 Ensorcelled Hibernation  Hex/Ice        0%         N/A       45%         2
 Jinxbite                 Hex            0%         N/A       45%         2
 Anguish                  Hex/Necr       0%         N/A       97%         4
 Manifold Assault         Tloc           0%         N/A       97%         4


Dungeon Overview and Level Annotations

Branches:
Dungeon (3/15)              Sewer (1/1)

Altars:

Annotations:
Sewer Pargi


Innate Abilities, Weirdness & Mutations

You cannot wear most types of armour.
You are amphibious.
You can wear up to eight rings at the same time.
Your skin changes colour to match your surroundings (Stealth+).
Your rubbery body absorbs attacks. (AC +1, EV +1)
You are camouflaged when in or above water. (Stealth+)
You have tentacles for arms and can constrict up to eight enemies at once.
You have a pair of small antennae on your head.
You are partially covered in large bone plates. (SH +4)
You are agile. (Dex +4, Str/Int -1)
You sometimes lose your temper in combat.
Your flesh is heat resistant. (rF+)
You are strong-willed. (Will+)
You passively map a small area around you.
Your muscles are strong. (Str +4, Int/Dex -1)
You are vulnerable to cold. (rC-)


Message History

You enter the shallow water.
You enter the shallow water.
You enter the shallow water.
You enter the shallow water.
Pargi the Meek comes into view.
Found a scroll labelled VYURI PIHENUT and a dagger.
Pargi is nearby!
You enter the shallow water.
Found a scroll labelled QOJUME OPIA.
Pargi is nearby!
You feel yourself speed up.
Found a fuming amethyst potion.
You hit Pargi.
Pargi is poisoned.
Pargi is lightly wounded.
Pargi barely misses you. Pargi claws you but does no damage. Pargi claws you.
You hit Pargi but do no damage. You squeeze Pargi.
Pargi is moderately wounded.
Pargi bites you. Pargi closely misses you. Pargi misses you.
You closely miss Pargi.
Pargi is lightly wounded.
Pargi bites you! You block Pargi's attack. Pargi barely misses you.
You closely miss Pargi.
Pargi is lightly wounded.
You hit Pargi.
Pargi seems to speed up.
Pargi is lightly wounded.
Pargi bites you! Pargi claws you. Pargi misses you. Pargi bites you.
Pargi claws you.
* * * LOW HITPOINT WARNING * * *
Pargi claws you.
* * * LOW HITPOINT WARNING * * *
It was a potion of resistance.
You feel protected. Pargi bites you but does no damage.
Pargi closely misses you. Pargi claws you.
* * * LOW HITPOINT WARNING * * *
It was a potion of enlightenment.
You feel very buoyant.
You fly up into the air.
Xom thinks this is hilarious!
Pargi bites you.
You die...
Xom thinks this is hilarious!

##### ##*
#)?#.*?,
*!.#.#.
*#.~.#
##...##
#~..~.#
#...T.##
#...#@..#
#..###..##
#.~. #.~.#
#~. ##~.#
#., #..#
#.~* #..#
#~~# ##~.#
#... #...#
#..###~~##


You could see Pargi (fast, very poisoned).

Vanquished Creatures
  3 adders
  A dart slug (D:2)
  An orc (D:3)
  4 bats
  5 endoplasms
  A giant cockroach (D:3)
  5 hobgoblins
  6 quokkas (D:3)
  A ball python (D:1)
  A frilled lizard (D:2)
  9 goblins
  7 kobolds
  3 rats
47 creatures vanquished.

Notes
Turn   | Place    | Note
-------+----------+-------------------------------------------
     0 | D:1      | Xavori the Octopode Chaos Knight began the quest for the
                  | Orb.
     0 | D:1      | Reached XP level 1. HP: 16/16 MP: 1/1
   247 | D:1      | Reached XP level 2. HP: 11/21 MP: 2/2
   327 | D:1      | Found a faded altar of an unknown god.
   370 | D:1      | XOM: silly message
   654 | D:1      | XOM: silly message
   828 | D:2      | Reached XP level 3. HP: 24/26 MP: 3/3
  1089 | D:2      | XOM: potion effect (haste)
  1229 | D:2      | Reached skill level 1 in Stealth
  1303 | D:2      | XOM: silly message
  1311 | D:1      | XOM: silly message
  1443 | D:1      | XOM: silly message
  3394 | D:1      | XOM: divination: magic mapping
  3401 | D:1      | XOM: god gift: wand of light (5)
  3842 | D:1      | XOM: give mutations
  3842 | D:1      | Gained mutation: You have a pair of small antennae on your
                  | head. [Xom's grace]
  3842 | D:1      | Gained mutation: Your flesh is cold resistant. (rC+) [Xom's
                  | grace]
  4194 | D:1      | XOM: god gift: 7 stones
  4564 | D:1      | XOM: cloud trail
  5222 | D:1      | XOM is BORED!
  5426 | D:1      | XOM: silly message
  5632 | D:1      | XOM: god gift: leather armour {god gift}
  5793 | D:1      | XOM: cloud trail
  5959 | D:1      | XOM: cloud trail
  6748 | D:1      | XOM: divination: detect creatures
  7021 | D:1      | XOM: give mutation
  7021 | D:1      | Gained mutation: Your muscles are strong. (Str +4, Int/Dex
                  | -1) [Xom's grace]
  7889 | D:1      | XOM: stat loss: -1 Dex (11/12)
  7978 | D:1      | XOM: give mutations
  7978 | D:1      | Lost mutation: Your flesh is cold resistant. (rC+) [Xom's
                  | mischief]
  7978 | D:1      | Gained mutation: You are vulnerable to cold. (rC-) [Xom's
                  | mischief]
  7978 | D:1      | Gained mutation: Your flesh is heat resistant. (rF+) [Xom's
                  | mischief]
  7978 | D:1      | Gained mutation: You sometimes lose your temper in combat.
                  | [Xom's mischief]
  8113 | D:1      | XOM: noise
  8722 | D:1      | XOM: cloud trail
  9405 | D:1      | XOM: give mutations
  9405 | D:1      | Gained mutation: You passively map a small area around you.
                  | [Xom's grace]
  9405 | D:1      | Gained mutation: You are partially covered in large bone
                  | plates. (SH +4) [Xom's grace]
  9405 | D:1      | Gained mutation: You are strong-willed. (Will+) [Xom's
                  | grace]
  9405 | D:1      | Gained mutation: You are agile. (Dex +4, Str/Int -1) [Xom's
                  | grace]
  9552 | D:3      | Reached XP level 4. HP: 32/32 MP: 4/4
  9567 | D:3      | XOM: god gift: 5 stones
  9720 | D:3      | Found a glowing drain.
  9745 | Sewer    | Entered a sewer
  9772 | Sewer    | Noticed Pargi
  9785 | Sewer    | Slain by Pargi

Illustrated notes

Levels and vault maps discovered:
D:1:      ncdulo_wetmaze, layout_loops_ring, dreamdust_ecumenical_altar_grove,
          minmay_tromino_v4_b
D:2:      layout_loops_cross
D:3:      layout_loops_cross, portal_sewer_entry_f
Sewer:    sewer_the_moccasin

Skill      XL: |  1  2  3 |
---------------+----------+-----
Stealth        | 1 |  1.7
Fighting       | |  3.6
Short Blades   | |  3.7
Dodging        | |  2.9
Shapeshifting  | |  0.8

Action                     |  1- 3 |  4- 6 || total
---------------------------+-------+-------++-------
  Melee: Short sword       |    76 |    32 ||   108
         Tentacles         |    15 |     6 ||    21
         Constrict         |    22 |     8 ||    30
         Punch             |     1 |       ||     1
    Use: Potion            |       |     2 ||     2
   Stab: Sleeping          |     6 |     1 ||     7
 Armour: Skin              |    28 |    22 ||    50
  Dodge: Dodged            |    30 |    24 ||    54
  Block: Other             |     1 |     8 ||     9

Table legend: (Time is in decaauts)
 A = Elapsed time spent in this place.
 B = Non-inter-level travel time spent in this place.
 C = Inter-level travel time spent in this place.
 D = Time resting spent in this place.
 E = Time spent auto-exploring this place.
 F = Levels seen in this place.
 G = Mean time per level.
                   A        B        C        D        E       F      G
               +--------+--------+--------+--------+--------+-----+--------+
         Total |   9761 |   9669 |     92 |   8229 |   1144 |   4 | 2440.2 |
       Dungeon |   9708 |   9616 |     92 |   8229 |   1105 |   3 | 3236.0 |
         Sewer |     53 |     53 |      0 |      0 |     39 |   1 |   53.0 |
               +--------+--------+--------+--------+--------+-----+--------+

Top non-repeatable levels by time:
     D:1: 8937 daAuts
     D:2: 566 daAuts
     D:3: 204 daAuts
   Sewer: 53 daAuts
